cohdb
Replays
Latest Replays
All Replays
Popular Replays
Top Player Replays
Match Explorer
How It Works
Community
CoH3 Stats
Reddit
Sign in to upload your games and track your stats! →
Sign in with Steam
Match 41866696
Unlisted
Match 41866696
Overview
Messages
Build Orders
End
Construct Section Command Post
Selects Canadian Shock Battlegroup
Dingo Light Scout Car
Vickers Machine Gun Team
Infantry Section
Construct Platoon Command Post
Selects Attacking Spirit
Selects Canadian Shock Section
Canadian Shock Section
Construct Field Infirmary
Unlock M3 Stuart Light Tanks
Selects Incendiary Munitions
M3 Stuart Light Tank
M3 Stuart Light Tank
Selects Pyrotechnics
Light Vehicle Training
Grottenolm
[PIAP]LauchGo3Panda
Pingwin
Frontier
mr_ako
Sengoku10
Mael Radec
GrayFox
0
0
Comments
sign in to comment!
No comments posted yet!